 Dungeon Crawl Stone Soup version 0.31-a0-222-gefeffbb62a (webtiles) character file.

Game seed: 13988254457779018083

412 DavidChitty2 the Chopper (level 6, -1/56 HPs)
             Began as a Hill Orc Fighter on July 5, 2023.
             Succumbed to a kobold brigand's curare-tipped dart
             ... in a sewer.
             The game lasted 00:02:40 (2153 turns).

DavidChitty2 the Chopper (Hill Orc Fighter)         Turns: 2153, Time: 00:02:41

Health: -1/56      AC:  9    Str: 21    XL:     6   Next: 90%
Magic:  6/6        EV:  8    Int:  8    God:
Gold:   191        SH:  4    Dex: 10    Spells: 5/5 levels left

rFire   . . .        a - +0 war axe
rCold   . . .        c - +0 buckler
rNeg    . . .        m - +0 chain mail
rPois   .            (no helmet)
rElec   .            (no cloak)
rCorr   .            (no gloves)
SInv    .            (no boots)
Will    .....        e - amulet of regeneration Stlth
                     (no ring)
HPRegen 1.09/turn    (no ring)
MPRegen 0.10/turn

%: no passive effects
@: lethally poisoned (-1 -> -13), attractive, hasted and slowed, very slow
A: no striking features
a: no special abilities


You were in a sewer.
You visited 1 branch of the dungeon, and saw 3 of its levels.
You also visited: Sewer.

You collected 191 gold pieces.

Inventory:

Hand Weapons
 a - a +0 war axe (weapon)
Armour
 c - a +0 buckler (worn)
 m - a +0 chain mail (worn)
   (You found it on level 2 of the Dungeon)
Jewellery
 e - an amulet of regeneration (around neck)
   (You found it on level 2 of the Dungeon)
 p - a ring of magical power
   (You found it on level 3 of the Dungeon)
Scrolls
 b - a scroll of poison {unknown}
 f - 6 scrolls of identify {unknown}
 g - a scroll of enchant armour {unknown}
 k - a scroll of teleportation {unknown}
 q - a scroll of fog {unknown}
Potions
 d - a potion of might
 h - a potion of haste {@q3}
 i - a potion of degeneration {unknown}
 j - a potion of mutation {unknown}
 l - a potion of brilliance {unknown}
 n - a potion of attraction {!q}
 o - 2 potions of magic {unknown}


   Skills:
 + Level 5.1 Fighting
 * Level 6.2 Axes
 + Level 4.8 Armour
 + Level 4.6 Shields


You had 5 spell levels left.
You didn't know any spells.
Your spell library was empty.

Dungeon Overview and Level Annotations

Branches:
Dungeon (3/15)              Sewer (1/1)

Altars:
Hepliaklqana
Uskayaw


Message History

No target in view!
No target in view!
No target in view!
No target in view!
No target in view!
No target in view!
No target in view!
You enter the shallow water.
Moving in this stuff is going to be slow.
You enter the shallow water.
Moving in this stuff is going to be slow.
You enter the shallow water.
Moving in this stuff is going to be slow.
A kobold brigand comes into view.
It is wielding a +0 short sword and quivering curare-tipped darts.
Found a scroll labelled PUECSE FIFE.
The kobold brigand shouts!
The kobold brigand throws a curare-tipped dart.
The curare-tipped dart hits you.
You are poisoned.
You have difficulty breathing.
You feel yourself slow down.
You feel extremely sick.
The kobold brigand throws a curare-tipped dart.
The curare-tipped dart hits you.
You are more poisoned.
You have difficulty breathing.
You feel as though you will be slow longer.
Okay, then.
You feel extremely sick.
The kobold brigand throws a curare-tipped dart.
The curare-tipped dart hits you.
You are more poisoned.
You have difficulty breathing.
* * * LOW HITPOINT WARNING * * *
You feel as though you will be slow longer.
The kobold brigand throws a curare-tipped dart.
The curare-tipped dart hits you.
You are more poisoned.
You have difficulty breathing.
* * * LOW HITPOINT WARNING * * *
You feel as though you will be slow longer.
It was a potion of attraction.
You feel attractive to monsters.
* * * LOW HITPOINT WARNING * * *
You feel extremely sick.
The kobold brigand throws a curare-tipped dart.
The curare-tipped dart barely misses you.
The kobold brigand is attracted toward you.
It was a potion of haste.
You feel yourself speed up.
You die...

## ######
#? .#.#.#
#~ ~#~#~#
#~
ยง#~#~#
#~#~#~#~#
#~K~#~~~#
#@###.##
#~# #~#
#~###~#
#~~~.~#
##~~~##
#~~.#
#.~.#
#...##
#######
#.~~.## ~


You could see a kobold brigand.

Vanquished Creatures
  A phantom (D:2)
  2 kobold brigands (Sewer)
  8 adders
  2 river rats (Sewer)
  4 worms
  A dart slug (D:2)
  9 ball pythons
  7 bats
  5 endoplasms
  6 giant cockroaches
  8 goblins
  10 hobgoblins
  A jackal (D:2)
  8 kobolds
  5 quokkas
  3 frilled lizards
  10 rats
90 creatures vanquished.

Notes
Turn   | Place    | Note
-------+----------+-------------------------------------------
     0 | D:1      | DavidChitty2 the Hill Orc Fighter began the quest for the
                  | Orb.
     0 | D:1      | Reached XP level 1. HP: 19/19 MP: 1/1
    69 | D:1      | Reached skill level 3 in Axes
    73 | D:1      | Reached XP level 2. HP: 21/27 MP: 2/2
   249 | D:1      | Reached XP level 3. HP: 33/33 MP: 3/3
   648 | D:2      | Found a hide-covered altar of Uskayaw.
   723 | D:2      | Reached skill level 4 in Axes
   735 | D:2      | Reached XP level 4. HP: 40/40 MP: 4/4
  1190 | D:2      | Reached XP level 5. HP: 47/47 MP: 5/5
  1331 | D:2      | Noticed a phantom
  1347 | D:2      | Killed a phantom
  1348 | D:2      | Reached skill level 5 in Axes
  1672 | D:3      | Found a hazy altar of Hepliaklqana.
  1834 | D:3      | Reached XP level 6. HP: 53/53 MP: 6/6
  1834 | D:3      | Found a glowing drain.
  1843 | Sewer    | Entered a sewer
  2024 | Sewer    | Reached skill level 5 in Fighting
  2024 | Sewer    | Reached skill level 6 in Axes
  2153 | Sewer    | Succumbed to a kobold brigand's curare-tipped dart

Illustrated notes

Levels and vault maps discovered:
D:1:      arrival_zaba_pyramid, layout_rooms
D:2:      minmay_evil_eye, layout_loops_cross, basic_altar, minmay_3d_cube
D:3:      layout_rooms, nicolae_hepliaklqana_hippocampus,
          gup_sewer_entry_bubbles, minmay_misc_feat_diagonals, amethyst_killhole
Sewer:    sewer_co_tree

Skill      XL: |  1  2  3  4  5  6 |
---------------+-------------------+-----
Axes           | 3 4 5 6 |  6.2
Fighting       | 4 5 |  5.1
Armour         | 4 |  4.8
Shields        | 4 |  4.6

Action                     |  1- 3 |  4- 6 || total
---------------------------+-------+-------++-------
  Melee: War axe           |    93 |   186 ||   279
    Use: Potion            |       |     2 ||     2
 Armour: Scale mail        |    33 |       ||    33
         Chain mail        |     8 |    90 ||    98
  Dodge: Dodged            |    50 |    65 ||   115
  Block: Buckler           |    22 |    32 ||    54

Table legend: (Time is in decaauts)
 A = Elapsed time spent in this place.
 B = Non-inter-level travel time spent in this place.
 C = Inter-level travel time spent in this place.
 D = Time resting spent in this place.
 E = Time spent auto-exploring this place.
 F = Levels seen in this place.
 G = Mean time per level.
                   A        B        C        D        E       F      G
               +--------+--------+--------+--------+--------+-----+--------+
         Total |   2346 |   2219 |    127 |      0 |   1495 |   4 |  586.5 |
       Dungeon |   1934 |   1807 |    127 |      0 |   1206 |   3 |  644.7 |
         Sewer |    411 |    411 |      0 |      0 |    289 |   1 |  411.0 |
               +--------+--------+--------+--------+--------+-----+--------+

Top non-repeatable levels by time:
     D:2: 923 daAuts
     D:1: 598 daAuts
     D:3: 413 daAuts
   Sewer: 411 daAuts
